Map: Ulrena

Players

zidar - Winner!

  • Race: Zerg Zerg
  • League: Gold
  • Spawn Location: 11:00

Mascar

  • Race: Terran Terran
  • League: Gold
  • Spawn Location: 7:00

VOD

Have the link to the VOD?

Description

Time

  • Played on: July 3, 2016, 3:27 a.m.
  • Length: 15:02
Show
View Real Time Build Order
Export as new Build Order

zidar Zerg - Winner!

Build Orders: Hatch First, Muta Ling Bane 

Get SALT Encoding   

  12  0:01  Drone  
  13  0:12  Overlord  
  13  0:17  Drone  
  14  0:30  Drone x2  
  16  0:50  Hatchery  
  16  0:52  Drone  
  16  0:56  Extractor  
  15  0:58  Drone  
  16  1:15  Spawning Pool  
  15  1:19  Drone  
  15  1:22  Drone  
  17  1:26  Drone  
  18  1:35  Overlord  
  18  1:41  Drone  
  19  2:02  Queen x2  
  19  2:06  Zergling x2  
  19  2:07  Zergling x2  
  25  2:10  Zergling x2  
  26  2:16  Metabolic Boost  
  26  2:20  Drone  
  27  2:24  Drone  
  28  2:34  Drone  
  29  2:42  Baneling Nest  
  28  2:46  Drone x4  
  32  2:59  Zergling x2  
  32  3:00  Zergling x4  
  35  3:14  Extractor  
  35  3:16  Drone x2  
  35  3:18  Pneumatized Carapace  
  36  3:41  Overlord x3  
  36  4:01  Queen  
  38  4:08  Baneling x3  
  38  4:09  Hatchery  
  37  4:10  Zergling x6  
  37  4:11  Zergling x8  
  44  4:19  Lair  
  44  4:23  Drone  
  45  4:24  Drone  
  45  4:26  Drone  
  47  4:35  Drone  
  48  4:40  Drone x3  
  51  4:46  Queen  
  51  4:52  Drone x2  
  55  4:53  Drone  
  56  5:02  Drone x4  
  60  5:16  Overlord x2  
  60  5:17  Overlord  
  60  5:22  Baneling x3  
  60  5:23  Centrifical Hooks  
  60  5:32  Spire  
  60  5:35  Drone x3  
  62  5:37  Drone  
  63  5:49  Extractor  
  62  5:53  Extractor  
  61  6:06  Zergling x2  
  61  6:07  Zergling x28  
  61  6:09  Baneling  
  61  6:10  Baneling x5  
  76  6:19  Overlord x3  
  76  6:48  Evolution Chamber, Drone  
  76  6:49  Drone  
  76  6:52  Zerg Flyer Weapons Level 1  
  76  6:53  Evolution Chamber  
  76  6:54  Mutalisk x4  
  84  7:14  Drone  
  84  7:15  Drone x3  
  88  7:31  Zerg Ground Armor Level 1  
  88  7:32  Zerg Melee Weapons Level 1  
  88  7:39  Drone x10  
  88  7:41  Overlord  
  88  7:42  Overlord x4  
  98  8:02  Drone x9  
  107  8:07  Overseer  
  107  8:10  Hatchery  
  107  8:12  Zergling x2  
  107  8:13  Zergling x8  
  107  8:16  Baneling x5  
  107  8:17  Baneling x4  
  99  9:05  Hatchery  
  99  9:06  Zergling x26  
  111  9:12  Queen  
  111  9:15  Hatchery  
  112  9:23  Infestation Pit  
  111  9:25  Zerg Ground Armor Level 2  
  111  9:26  Zerg Melee Weapons Level 2  
  111  9:30  Zergling x14  
  118  9:43  Queen  
  120  10:13  Mutalisk  
  120  10:14  Mutalisk x8  
  120  10:18  Baneling x9  
  138  10:21  Baneling  
  138  10:33  Extractor  
  138  10:34  Drone x3  
  138  10:35  Drone x3  
  142  10:36  Extractor  
  142  10:43  Zergling x16  
  142  10:45  Overlord  
  142  10:46  Overlord x4  
  150  10:50  Hive  
  150  11:39  Zerg Flyer Weapons Level 2  
  150  11:42  Zergling x34  
  150  11:43  Zergling x6  
  150  11:45  Baneling x15  
  150  11:46  Baneling x4  
  165  12:26  Zergling x18  
  165  12:27  Zergling x14  
  181  12:32  Adrenal Glands  
  181  12:37  Ultralisk Cavern  
  179  13:15  Hatchery  
  178  13:24  Chitinous Plating  
  165  13:48  Ultralisk x4  
  182  14:00  Zergling x2  
  182  14:01  Zergling x12  
  189  14:42  Extractor  
  188  14:47  Extractor  
Show
View Real Time Build Order
Export as new Build Order

Mascar Terran 

Build Orders:  

Get SALT Encoding   

  12  0:01  SCV  
  13  0:13  SCV  
  14  0:29  Supply Depot  
  14  0:31  SCV  
  15  0:51  SCV  
  15  0:52  Barracks  
  16  0:58  Refinery  
  16  1:03  SCV  
  17  1:15  SCV  
  18  1:27  SCV  
  19  1:39  Marine  
  20  1:41  Orbital Command  
  20  1:45  Command Center  
  20  1:57  Bunker  
  20  1:58  Marine  
  21  2:09  Supply Depot  
  21  2:17  SCV  
  21  2:20  Factory  
  22  2:30  Barracks Reactor  
  22  2:37  SCV  
  23  2:44  Refinery  
  23  2:45  Supply Depot  
  23  2:46  Barracks  
  23  2:59  Orbital Command  
  22  3:06  Marine  
  22  3:09  Marine  
  24  3:17  Starport  
  24  3:23  Factory Reactor  
  24  3:25  SCV  
  25  3:31  Supply Depot  
  25  3:34  SCV  
  25  3:38  Barracks Tech Lab  
  26  3:47  SCV  
  27  3:48  SCV  
  29  4:10  Marine, SCV x2  
  29  4:11  Marine x2  
  33  4:20  Barracks  
  33  4:22  SCV  
  33  4:23  SCV  
  35  4:24  Medivac  
  35  4:25  Medivac  
  35  4:26  Factory Tech Lab  
  35  4:28  Stimpack  
  39  4:34  SCV  
  39  4:37  Supply Depot  
  40  4:42  Marine x3  
  40  4:43  SCV  
  44  4:47  SCV  
  44  4:50  Refinery  
  45  4:54  Refinery  
  45  4:55  Siege Tank  
  45  4:56  SCV  
  49  5:09  Viking  
  49  5:11  Marine x2  
  49  5:12  Marine  
  54  5:14  SCV x2  
  56  5:26  SCV  
  56  5:27  SCV  
  58  5:33  Marine  
  58  5:34  Marine  
  58  5:35  Marauder  
  62  5:38  SCV  
  62  5:39  SCV  
  62  5:41  Supply Depot  
  64  5:46  Supply Depot  
  64  5:53  SCV x2  
  64  5:56  Marine x2  
  70  5:57  Marauder, Barracks Tech Lab  
  70  6:03  Medivac x2  
  74  6:07  Siege Tank  
  77  6:13  Marine  
  77  6:14  Marine  
  81  6:18  Marauder  
  81  6:21  Marine  
  82  6:31  Marine  
  83  6:36  Marine  
  83  6:38  Combat Shield  
  86  6:40  Marauder  
  86  6:45  Engineering Bay  
  86  6:46  Engineering Bay  
  86  6:52  Supply Depot  
  86  6:54  Supply Depot  
  86  7:13  Marine x2, Marauder x2, SCV x2  
  86  7:15  Terran Infantry Armor Level 1, Medivac x2, Terran Infantry Weapons Level 1  
  96  7:31  Missile Turret x3  
  96  7:34  Missile Turret x2  
  96  7:39  Missile Turret  
  96  7:41  Missile Turret  
  96  7:42  Missile Turret  
  96  7:46  Marine  
  96  7:47  Marine  
  96  7:48  Missile Turret  
  98  7:57  Missile Turret  
  98  8:02  Marine x2  
  100  8:12  Barracks  
  100  8:20  Marauder  
  102  8:38  Marauder  
  89  8:51  Marine  
  89  8:52  Marine x2  
  92  8:57  Supply Depot  
  92  8:58  Marine  
  92  9:01  Supply Depot  
  93  9:09  Command Center  
  93  9:11  Barracks Tech Lab  
  93  9:13  Barracks  
  93  9:15  Marine  
  93  9:16  Marine, Marauder  
  99  9:17  Marauder, SCV  
  99  9:18  SCV  
  101  9:29  SCV  
  101  9:30  SCV  
  103  9:33  Marine  
  103  9:35  Supply Depot  
  103  9:37  Marine x2, Supply Depot  
  108  9:38  Marauder  
  108  9:39  Siege Tank, Medivac x2  
  108  9:42  SCV x2  
  117  9:50  Concussive Shells  
  117  9:57  Marauder  
  119  10:00  Barracks Reactor  
  119  10:01  Marine x2  
  119  10:02  Marauder x2  
  125  10:20  Marine x2  
  129  10:21  Marauder  
  129  10:24  Marauder x2  
  133  10:36  Marine  
  133  10:37  Marine  
  133  10:42  Missile Turret  
  137  10:43  Marauder, Missile Turret x3  
  137  10:45  Marauder x2, Missile Turret x2  
  137  10:47  Marine  
  137  10:48  Marine  
  137  10:49  Missile Turret  
  143  10:54  Raven  
  145  11:01  Armory  
  145  11:02  Barracks  
  145  11:07  Barracks, Planetary Fortress  
  145  11:11  Marine  
  146  11:13  Marine x2  
  148  11:26  Marine  
  149  11:43  Supply Depot x2  
  149  11:49  Supply Depot  
  149  11:51  Supply Depot  
  149  12:04  Marine x4  
  149  12:05  Marauder x2  
  148  12:19  Marine x3  
  148  12:21  Medivac  
  155  12:23  Marauder  
  155  12:26  Marauder x2  
  155  12:28  Marine x3  
  162  12:43  Supply Depot  
  164  12:44  Marauder  
  164  12:45  Supply Depot  
  164  12:47  Marauder x2  
  168  12:53  Marine x4  
  174  13:05  Marauder  
  174  13:09  Marauder x2  
  174  13:10  Marine x2  
  182  13:27  Marine x3, Marauder  
  182  13:30  Marauder x2  
  185  13:43  Marine  
  185  13:44  Marine x2  
  185  13:48  Marauder  
  190  13:52  Marauder x2  
  194  14:01  Marine x3  
Tags
 
Composition
Muta Ling Bane
League
GoldGold
Matchup
TvZ
Spawn Locations
Close Positions
Add a new tag
Caveats
  • Supply blocks, unpowered buildings, or Contaminate may cause inaccurate times.
  • Supply counts are checked every 10 seconds.